 Dungeon Crawl Stone Soup version 0.20-a0-705-gbe8799e (webtiles) character file.

7523 Minion the Grappler (level 10, -5/104 HPs)
             Began as a Troll Monk on Feb 21, 2017.
             Slain by a hornet (11 damage)
             ... on level 5 of the Lair of Beasts.
             The game lasted 00:15:21 (9359 turns).

Minion the Grappler (Troll Monk)                    Turns: 9359, Time: 00:15:22

Health: -5/104     AC:  8    Str: 24    XL:     10   Next: 95%
Magic:  9/9        EV: 14    Int:  6    God:
Gold:   576        SH:  0    Dex: 15    Spells: 9/9 levels left

rFire    . . .     SeeInvis +     - Unarmed
rCold    . . .     Gourm    +   y - +0 robe "Juommeov" {rN+ Str+3 SInv} (curse)
rNeg     + . .     Faith    .   (no shield)
rPois    .         Spirit   .   (helmet restricted)
rElec    .         Reflect  .   m - +2 cloak
rCorr    .         Harm     .   (gloves unavailable)
MR       .....                  (boots unavailable)
Stlth    ++........             (no amulet)
Regen    0.7/turn               (no ring)
MPRegen  0.2/turn               g - ring of see invisible

@: slowed, very slow
A: unfitting armour, claws 3, fast metabolism 3, gourmand, regeneration 1,
shaggy fur 1, tough skin 2
a: no special abilities


You were on level 5 of the Lair of Beasts.
You were completely stuffed.

You visited 3 branches of the dungeon, and saw 17 of its levels.

You collected 576 gold pieces.

Inventory:

Armour
 m - a +2 cloak (worn)
 y - the cursed +0 robe "Juommeov" (worn) {rN+ Str+3 SInv}
   (You found it on level 8 of the Dungeon)

   It affects your strength (+3).
   It protects you from negative energy.
   It lets you see invisible.
   It has a curse placed upon it.
Jewellery
 g - a ring of see invisible (left claw)
 z - an uncursed ring of stealth {unknown}
Wands
 p - a wand of acid (11/15)
 q - a wand of iceblast (8/15)
 w - a wand of disintegration (19/24)
 x - a wand of acid (5/15)
Scrolls
 h - 2 scrolls of blinking
 j - 2 scrolls of enchant weapon
 l - 2 scrolls of fear {unknown}
 o - 3 scrolls of immolation
 r - a scroll of enchant armour
 v - 5 scrolls of amnesia
 D - a scroll of remove curse
Potions
 c - a potion of haste
 d - a potion of cancellation {unknown}
 e - 3 potions of agility
 f - 6 potions of curing
 i - 3 potions of flight
 s - a potion of degeneration {unknown}
Books
 a - a book of Changes

   Spells                             Type                      Level
   a - Beastly Appendage              Transmutation                1
   b - Sticks to Snakes               Transmutation                2
   c - Spider Form                    Transmutation/Poison         3
   d - Ice Form                       Ice/Transmutation            4
   e - Blade Hands                    Transmutation                5
 A - the Almanac of Curses
   (You found it on level 6 of the Dungeon)

   Spells                             Type                      Level
   a - Confusing Touch                Hexes                        1
   b - Corona                         Hexes                        1
   c - Summon Guardian Golem          Hexes/Summoning              3
 B - a book of Maledictions

   Spells                             Type                      Level
   a - Corona                         Hexes                        1
   b - Ensorcelled Hibernation        Hexes/Ice                    2
   c - Confuse                        Hexes                        3
   d - Tukima's Dance                 Hexes                        3
   e - Dazzling Spray                 Conjuration/Hexes            3
 C - a book of Transfigurations

   Spells                             Type                      Level
   a - Irradiate                      Conjuration/Transmutation    5
   b - Statue Form                    Transmutation/Earth          6
   c - Hydra Form                     Transmutation                6
   d - Dragon Form                    Transmutation                7
Comestibles
 b - 6 bread rations
 k - 4 meat rations
 n - 8 fruits
 u - 16 royal jellies
 E - 2 chunks of flesh


   Skills:
 + Level 7.9 Fighting
 + Level 2.7 Armour
 + Level 7.7 Dodging
 - Level 1.0 Stealth
 + Level 11.2 Unarmed Combat


You had 9 spell levels left.
You didn't know any spells.

Dungeon Overview and Level Annotations

Branches:
Dungeon (10/15)            Temple (1/1) D:4            Lair (6/6) D:10
  Swamp: Lair:2-4    Shoals: Lair:2-4     Snake: Lair:2-4    Spider: Lair:2-4
  Slime: Lair:5-6       Orc: D:9-12

Altars:
Ashenzari
Cheibriados
Dithmenos
Elyvilon
Fedhas
Gozag
Hepliaklqana Ieoh Jian
Kikubaaqudgha
Makhleb
Nemelex Xobeh
Okawaru
Qazlal
Ru
Sif Muna
Trog
Uskayaw
Vehumet
Xom
Yredelemnul
Zin
The Shining One


Innate Abilities, Weirdness & Mutations

You are too large for most types of armour.
You have claws for hands.
Your metabolism is lightning-fast.
You like to eat raw meat.
Your natural rate of healing is unusually fast.
You are covered in fur. (AC +1)
You have very tough skin. (AC +2)


Message History

You feel as though you will be slow longer.
You feel sick. The wolf bites you.
* * * LOW HITPOINT WARNING * * *
The hornet stings you.
* * * LOW HITPOINT WARNING * * *
You feel as though you will be slow longer.
The wolf bites you but does no damage.
The hornet stings you but does no damage.
You can move again.
You feel better. The wolf bites you but does no damage. The hornet stings you.
* * * LOW HITPOINT WARNING * * *
You feel as though you will be slow longer.
The wolf bites you.
* * * LOW HITPOINT WARNING * * *
The hornet completely misses you. The wolf bites you but does no damage.
You barely miss the hornet.
The hornet is lightly wounded.
The hornet barely misses you. The wolf barely misses you.
The hornet stings you!
You die...

#.(... #...# .## ##..#
..# #...## #..# ..
##...##..## .
#P..>.....## .# .
##..†#.....# ...#.
#####..#.h#..#.#..
.....##.##...##y@.......
..........#..P##.P......
#....>.#.#..P###....##
#..###........## ..###
##P###.....P.#. .#
#.................#
#......<....##....#
#PP.........##.#..
###..........# # .


You could see a hornet and a wolf.

Vanquished Creatures
  A two-headed ogre (D:9)
  The ghost of cortexin the Covert, a novice OpAs (D:6)
  2 spiny frogs
  A komodo dragon (Lair:5)
  Grinder (D:6)
  2 hippogriffs
  A wraith (D:7)
  A steam dragon (D:9)
  Edmund (D:4)
  3 water moccasins
  3 porcupines
  2 orc warriors (D:7)
  An ice beast (D:8)
  A phantom (D:8)
  A necrophage (D:7)
  9 wolves
  2 ogres
  A centaur (D:8)
  3 crocodiles
  5 bullfrogs
  A scorpion (D:5)
  A wyvern skeleton (D:5)
  8 killer bees
  A troll skeleton (D:7)
  9 wights
  6 jellies
  2 crimson imps (D:5)
  A bullfrog zombie (D:6)
  3 human zombies (D:7)
  5 orc priests
  A bullfrog skeleton (D:5)
  4 hounds
  4 orc wizards
  3 iguanas
  A human skeleton (D:7)
  5 worker ants
  A killer bee zombie (D:7)
  A hound skeleton (D:9)
  2 mummies (D:7)
  A worker ant zombie (D:7)
  3 gnolls
  8 adders
  A shadow imp (D:9)
  6 oozes
  An adder zombie (D:5)
  An adder skeleton (D:4)
  2 worms
  A dart slug (D:2)
  5 leopard geckos
  24 orcs
  2 ball pythons
  7 giant cockroaches
  6 goblins
  5 hobgoblins
  12 jackals
  5 kobolds
  5 quokkas
  5 bats
  4 frilled lizards
  A jackal skeleton (D:8)
  A leopard gecko skeleton (D:4)
  A leopard gecko zombie (D:5)
  A quokka skeleton (D:4)
  5 rats
214 creatures vanquished.

Vanquished Creatures (others)
  A crocodile (Lair:6)
  An orc wizard (D:5)
2 creatures vanquished.

Grand Total: 216 creatures vanquished

Notes
Turn   | Place    | Note
-------+----------+-------------------------------------------
     0 | D:1      | Minion the Troll Monk began the quest for the Orb.
     0 | D:1      | Reached XP level 1. HP: 22/22 MP: 0/0
   225 | D:1      | Reached XP level 2. HP: 29/29 MP: 1/1
   853 | D:2      | Reached skill level 4 in Unarmed Combat
   929 | D:2      | Reached XP level 3. HP: 35/36 MP: 2/2
  1472 | D:2      | Reached skill level 5 in Unarmed Combat
  1472 | D:2      | Reached XP level 4. HP: 39/44 MP: 3/3
  1768 | D:3      | Reached XP level 5. HP: 49/50 MP: 4/4
  2060 | D:4      | Reached skill level 6 in Unarmed Combat
  2446 | D:4      | Reached XP level 6. HP: 48/59 MP: 5/5
  2555 | D:4      | Reached skill level 7 in Unarmed Combat
  2659 | D:4      | Noticed Edmund
  2677 | D:4      | Killed Edmund
  3106 | D:4      | Found a staircase to the Ecumenical Temple.
  3114 | Temple   | Entered the Ecumenical Temple
  3479 | D:5      | Entered Level 5 of the Dungeon
  3709 | D:5      | Reached XP level 7. HP: 51/67 MP: 6/6
  4124 | D:5      | Found a deep blue altar of Sif Muna.
  4424 | D:6      | Noticed Grinder
  4435 | D:6      | Killed Grinder
  4435 | D:6      | Reached skill level 8 in Unarmed Combat
  4435 | D:6      | Reached XP level 8. HP: 64/78 MP: 7/7
  4442 | D:6      | Noticed cortexin's ghost (novice OpAs)
  4462 | D:6      | Killed cortexin's ghost
  4599 | D:6      | Identified the Almanac of Curses
  4942 | D:6      | Found a burning altar of Makhleb.
  5300 | D:7      | Reached skill level 5 in Fighting
  5304 | D:7      | Reached skill level 9 in Unarmed Combat
  5305 | D:7      | Reached skill level 5 in Dodging
  5405 | D:7      | Reached XP level 9. HP: 56/88 MP: 8/8
  5676 | D:7      | Found an ancient bone altar of Kikubaaqudgha.
  6432 | D:8      | Reached skill level 10 in Unarmed Combat
  7049 | D:8      | Got a steaming robe
  7060 | D:8      | Identified the cursed +0 robe "Juommeov" {rN+ Str+3 SInv} (You found it on level 8 of the Dungeon)
  7343 | D:9      | Noticed a two-headed ogre
  7513 | D:9      | Killed a two-headed ogre
  7513 | D:9      | Reached XP level 10. HP: 79/100 MP: 9/9
  7878 | D:9      | Found a shimmering altar of Xom.
  8116 | D:10     | Entered Level 10 of the Dungeon
  8129 | D:10     | Found a staircase to the Lair.
  8160 | Lair:1   | Entered Level 1 of the Lair of Beasts
  8160 | Lair:1   | Noticed a spiny frog
  8179 | Lair:1   | Killed a spiny frog
  8179 | Lair:1   | Reached skill level 1 in Armour
  8697 | Lair:3   | Noticed a six-headed hydra
  8838 | Lair:3   | Reached skill level 11 in Unarmed Combat
  9176 | Lair:6   | Entered Level 6 of the Lair of Beasts
  9176 | Lair:6   | Noticed an elephant
  9239 | Lair:6   | Noticed a spiny frog
  9242 | Lair:6   | Noticed a sea snake
  9246 | Lair:5   | Killed a spiny frog
  9336 | Lair:6   | Noticed a spiny frog
  9355 | Lair:5   | Paralysed by a hornet for 3 turns
  9357 | Lair:5   | HP: 5/104 [hornet (4)]
  9359 | Lair:5   | Slain by a hornet

Vault maps used:
D:1:      minmay_arrival_up_and_down
D:2:      guppyfry_early_lair_pool
D:3:      first_bread
D:4:      minmay_temple_entry_purple_smoke, uniq_edmund
D:5:      led_sif_pool
D:6:      bloody_makhleb, uniq_grinder
D:7:      lemuel_mausoleum_altar_kikubaaqudgha
D:9:      basic_altar, hangedman_little_slice_of_home
D:10:     minmay_tri_box, serial_shops, nicolae_shop_behind_doors
Temple:   regret_index_temple_chain_breaker
Lair:1:   infiniplex_staircase_pool
Lair:2:   grunt_megastairs_3, wad_woods_river_01
Lair:3:   swamp_mist, basic_altar, grunt_megastairs_2, uniq_harold
Lair:4:   spider_nest_entry_a
Lair:5:   special_room, grunt_megastairs_4
Lair:6:   gammafunk_lair_ancient_temple, minmay_slime_entry_eyes, st_stairs_10

Skill      XL: |  1  2  3  4  5  6  7  8  9 10 |
---------------+-------------------------------+-----
Unarmed Combat | 4 5 6 7 8 9 10 11 | 11.2
Fighting       | 3 4 5 6 7 |  7.9
Dodging        | 3 4 5 6 7 |  7.7
Armour         | 2 |  2.7
Stealth        | |  1.0

Action                   |  1- 3 |  4- 6 |  7- 9 | 10-12 || total
-------------------------+-------+-------+-------+-------++-------
Melee: Unarmed           |   116 |   154 |   258 |   151 ||   679
       Punch             |     1 |     2 |    11 |     9 ||    23
  Use: Scroll            |       |       |    16 |       ||    16
       Potion            |       |       |       |     6 ||     6
 Stab: Sleeping          |     2 |     4 |     7 |       ||    13
       Distracted        |       |       |     1 |       ||     1
  Eat: Chunk             |    18 |    16 |    36 |    21 ||    91
Armor: Robe              |    52 |    45 |    50 |    45 ||   192
Dodge: Dodged            |    71 |    80 |   129 |   148 ||   428
